 Dungeon Crawl Stone Soup version 0.01-2115-ge649c80b0b (webtiles) character file.

Game seed: 11385230954819489245, levelgen mode: deterministic

17 Lanoc the Skirmisher (level 2, -2/26 HPs) Immature Draconian Demonspawn. Began on June 8, 2020. Slain by an iguana (14 damage) ... on level 3 of the Dungeon. The game lasted 00:01:23 (167 turns).

Lanoc the Skirmisher (Immature Draconian Demonspawn) Turns: 167, Time: 00:01:24

Health: -2/26      AC:  5    Str: 16    XL:     2 ^: 16
Magic:  4/5        EV: 12    Int: 12    God:
Gold:   31         SH:  0    Dex: 10    Spells: 5/6 levels left

rFire    . . .     Vision   .   a - +0 long sword
rCold    . . .     Gourm    .   (no weapon)
rNeg     . . .     Faith    .   (armour unavailable)
rPois    .         Spirit   .   (helmet restricted)
rElec    .         Reflect  .   (no cloak)
rCorr    .         Harm     .   (no gloves)
MR       .....                  (no boots)
Stlth    ++........             (no amulet)
HPRegen  0.18/turn              (no ring)
MPRegen  0.15/turn              (no ring)

@: short of breath, very slightly contaminated
A: no body armour, unfitting armour, horns 1, cold-blooded, AC +5
a: Breathe Dart


You were on level 3 of the Dungeon.
You were not hungry.

You visited 1 branch of the dungeon, and saw 3 of its levels.

You collected 31 gold pieces.

Inventory:

Weapons
 a - a +0 long sword (weapon)
Scrolls
 d - a scroll of immolation
Potions
 b - a potion of resistance
Comestibles
 c - 2 rations


   Skills:
 + Level 3.1 Fighting
 - Level 1.5 Long Blades
 + Level 2.7 Dodging
 - Level 1.3 Stealth
 - Level 2.6 Spellcasting
   Level 3.0 Invocations


You had 5 spell levels left.
You knew the following spells:

 Your Spells              Type           Power        Failure   Level  Hunger
a - Flame Tongue          Fire           1 (40)       26%         1    #......

Your spell library contained the following spells:

 Spells                   Type           Power        Failure   Level  Hunger
 Blink                    Tloc           N/A          36%         2    ###....
 Call Imp                 Summ           1 (100)      36%         2    ###....
 Slow                     Hex            1 (100)      36%         2    ###....
 Conjure Flame            Fire           1 (100)      58%         3    ###....
 Mephitic Cloud           Pois/Air       1 (100)      58%         3    ###....


Dungeon Overview and Level Annotations

Branches:
Dungeon (3/8)

Altars:


Innate Abilities, Weirdness & Mutations

You cannot fit into any form of body armour.
Your plain brown scales are hard. (AC +5)
You can breathe rudimentary magical darts.
You have a pair of small horns on your head.
You are cold-blooded and may be slowed by cold attacks.


Message History

Press: ? - help, Shift-Dir - straight line, f - iguana
Aim: an iguana (almost dead (1/16))
You spit a rudimentary magic dart.
The dart misses the iguana.
The dart hits the bullfrog skeleton (5).
The bullfrog skeleton is heavily damaged. (13/28) HP You feel somewhat more hungry.
The iguana closely misses you (0).
You riposte.
You hit the iguana but do no damage.
The iguana is almost dead. (1/16) HP
Casting: Flame Tongue (safe; 26% risk of failure)
Confirm with . or Enter, or press ? or * to list all spells.
Aiming: Flame Tongue (safe; 26% risk of failure)
Press: ? - help, Shift-Dir - straight line, f/p - iguana
Aim: an iguana (almost dead (1/16))
You miscast Flame Tongue.
You are very lightly contaminated with residual magic.
Nothing appears to happen.
The iguana barely misses you (0).
You closely miss the iguana. You barely miss the iguana.
The iguana bites you (14)!
Ouch! That really hurt!
You die...

#..#.#.......# #.#
#...<........# #.#
#...#........###.#
####
#................#
#...
#............#####
#....#..#.#######.#
#....#..#..# #.#
#.......#..######.#
^...##..#..#Zl@...#
#..........####.#
#..####...#..# #.#
##Z.....$.#..# ###
##.......#..#
##..##.....# ##.
#..##.# ## ^.#....
...#...


You could see an iguana and a bullfrog skeleton.

Vanquished Creatures
  A cinder newt (D:2)
  A hound zombie (D:3)
  2 adder skeletons (D:3)
  A ball python (D:2)
  A quokka skeleton (D:3)
  A withered plant (D:2)
7 creatures vanquished.

Notes
Turn   | Place    | Note
-------+----------+-------------------------------------------
     0 | D:1      | Lanoc the Immature Draconian Demonspawn began the quest for
                  | the Orb.
     0 | D:1      | Reached XP level 1. HP: 18/18 MP: 4/4
    61 | D:2      | Gained mutation: You have a pair of small horns on your
                  | head. [demonic ancestry]
    61 | D:2      | Reached XP level 2. HP: 20/25 MP: 1/5
   167 | D:3      | Slain by an iguana

Levels and vault maps discovered:
D:1:      psy_arrival_spokes, layout_basic, first_ration
D:2:      layout_sewer, kennysheep_mini, nicolae_gozag_zags_fifth_avenue,
          serial_shops, nicolae_shop_crystal, kennysheep_okawaru_gauntlet,
          uniq_purgy, uniq_natasha, uniq_menkaure, uniq_edmund
D:3:      miniossuary_kennysheep_ghosthouse, layout_basic, ossuary_due_pyramid

Skill      XL: |  1  2 |
---------------+-------+-----
Fighting       | 3 |  3.1
Long Blades    | |  1.5
Dodging        | |  2.7
Stealth        | |  1.3
Spellcasting   | |  2.6
Invocations    | |  3.0

Action                   || total
-------------------------++-------
Melee: Long sword        ||    36
       Unarmed           ||    31
       Tailslap          ||     8
       Headbutt          ||     4
 Cast: Flame Tongue      ||     6
 Abil: Breathe Dart      ||     2
Armor: Skin              ||     7
Dodge: Dodged            ||    22
       Rpst.: Long sword ||     7
       Unarmed           ||     4
